 Dungeon Crawl Stone Soup version 0.22.1-5-g62c59d919a (webtiles) character file.

2727 NochnoyZador the Martial Artist (level 9, -1/62 HPs)
             Began as an Octopode Monk on Jan 12, 2019.
             Was a Believer of Dithmenos.
             Slain by a wight
             ... wielding a +2 halberd
              (14 damage)
             ... on level 7 of the Dungeon.
             The game lasted 00:32:06 (7746 turns).

NochnoyZador the Martial Artist (Octopode Monk)     Turns: 7746, Time: 00:32:06

Health: -1/62      AC:  1    Str: 13    XL:     9   Next: 67%
Magic:  9/9        EV: 17    Int: 16    God:    Dithmenos [**....]
Gold:   415        SH:  0    Dex: 15    Spells: 8/8 levels left

rFire    . . .     SeeInvis .     - Unarmed
rCold    . . .     Gourm    .   (no shield)
rNeg     + . .     Faith    .   (helmet restricted)
rPois    .         Spirit   .   B - amulet of regeneration
rElec    .         Reflect  .   x - ring of positive energy
rCorr    .         Harm     .   z - ring of wizardry
MR       .....                  C - +4 ring of intelligence
Stlth    ++++++....             (no ring)
HPRegen  0.20/turn              (no ring)
MPRegen  0.11/turn              (no ring)
                                (no ring)
                                (no ring)

@: wreathed by umbra, drained
A: almost no armour, stealthy swim, amphibious, 8 rings, constrict 8, camouflage
1, gelatinous body 1
a: Shadow Step, Renounce Religion


You were on level 7 of the Dungeon.
You worshipped Dithmenos.
Dithmenos was pleased with you.
You were not hungry.

You visited 2 branches of the dungeon, and saw 8 of its levels.

You collected 415 gold pieces.

Inventory:

Missiles
 c - 4 javelins (quivered)
 f - 28 sling bullets
 i - 193 stones
 r - 2 throwing nets
Jewellery
 k - an uncursed amulet of the acrobat
 t - an uncursed amulet of the gourmand
 x - a ring of positive energy (left tentacle)
 z - a ring of wizardry (right tentacle)
 B - an amulet of regeneration (around mantle)
 C - a +4 ring of intelligence (on tentacle)
 G - an uncursed amulet of magic regeneration {unknown}
Wands
 F - a wand of digging (13)
Scrolls
 e - 2 scrolls of identify
 g - 2 scrolls of blinking
 j - a scroll of fear
 p - 2 scrolls of enchant weapon
 q - 2 scrolls of immolation {unknown}
 s - 4 scrolls of amnesia
 u - 7 scrolls of remove curse
 y - a scroll of magic mapping {unknown}
 D - a scroll of holy word {unknown}
Potions
 b - 6 potions of heal wounds {unknown}
 d - a potion of might {unknown}
 h - a potion of brilliance {unknown}
 l - 2 potions of resistance {unknown}
 m - 4 potions of curing
 n - a potion of haste {unknown}
 o - 6 potions of lignification {unknown}
 v - a potion of degeneration {unknown}
 w - 2 potions of cancellation {unknown}
 A - a potion of flight {unknown}
Comestibles
 a - 8 rations


   Skills:
 * Level 5.7(5.5) Fighting
 * Level 6.9(6.7) Dodging
 + Level 6.7(6.5) Stealth
 + Level 9.8(9.6) Unarmed Combat
 + Level 0.2(0.1) Invocations


You had 8 spell levels left.
You didn't know any spells.
Your spell library contained the following spells:

 Spells                   Type           Power        Failure   Level  Hunger
 Summon Small Mammal      Summ           #...         11%         1    ##.....
 Call Imp                 Summ           #.......     16%         2    ###....
 Call Canine Familiar     Summ           #.......     28%         3    ####...
 Summon Guardian Golem    Hex/Summ       #.......     28%         3    ####...
 Summon Ice Beast         Ice/Summ       #.......     65%         4    #####..
 Summon Lightning Spire   Summ/Air       #.......     65%         4    #####..


Dungeon Overview and Level Annotations

Branches:
Dungeon (7/15)             Temple (1/1) D:5

Altars:
Ashenzari
Cheibriados
Dithmenos
Elyvilon
Fedhas
Gozag
Hepliaklqana
Kikubaaqudgha
Makhleb
Nemelex Xobeh
Okawaru
Qazlal
Ru
Sif Muna
Trog
Uskayaw
Vehumet
Wu Jian
Xom
Yredelemnul
Zin
The Shining One


Innate Abilities, Weirdness & Mutations

You cannot wear most types of armour.
You are very stealthy in the water. (Stealth+)
You are amphibious.
You can wear up to eight rings at the same time.
You can use your tentacles to constrict eight enemies at once.
Your skin changes colour to match your surroundings (Stealth+).
Your rubbery body absorbs attacks. (AC +1, EV +1)


Message History

The centaur completely misses you.
You tentacle-slap the centaur but do no damage.
The centaur is severely wounded.
The centaur barely misses you. The wight closely misses you.
You tentacle-slap the centaur.
You squeeze the centaur, but do no damage.
The centaur is almost dead.
The centaur misses you. The wight closely misses you. The wight misses you.
You tentacle-slap the centaur.
You kill the centaur!
Dithmenos accepts your kill. The wight misses you.
The wight hits you with an enchanted falchion!
The wight misses you.
The wight hits you from afar with a spear!
* * * LOW HITPOINT WARNING * * *
You partially resist.
You feel drained.
* * * LOW HITPOINT WARNING * * *
The wight hits you from afar with an enchanted halberd!
You die...

### ..
###### #.
#.....
#.####
##.####
#####..).#
#.....#
#....z...#
#.###.#
#.###..z.#
#.# #..
#z#@##
#.###..
...#.#
#.....#
### #.#
##.....
#.# ##.###
#.## #.#
#..# #.#
##.# #.#
#.### #.##
##...#
#..##


You could see 2 wights.

Vanquished Creatures
  Prince Ribbit (D:5)
  Eustachio (D:6)
  A hungry ghost (D:6)
  A water moccasin (D:5)
  3 orc warriors
  A sky beast (D:6)
  2 phantoms
  3 centaurs (D:7)
  A bullfrog (D:7)
  A gnoll sergeant (D:7)
  A scorpion (D:5)
  A water moccasin skeleton (D:6)
  A howler monkey (D:6)
  2 crimson imps
  2 hounds
  2 bullfrog skeletons
  3 orc priests
  Jessica (D:2)
  2 iguanas (D:7)
  8 orc wizards
  Natasha (thrice) (D:2)
  6 worker ants
  A hound skeleton (D:4)
  A howler monkey zombie (D:7)
  A howler monkey skeleton (D:7)
  13 gnolls
  5 adders
  2 oozes
  An adder skeleton (D:5)
  A worm (D:2)
  2 dart slugs
  6 leopard geckos
  23 orcs
  3 ball pythons
  4 giant cockroaches
  3 goblins
  5 hobgoblins
  10 jackals
  3 quokkas
  4 bats
  4 frilled lizards
  8 kobolds
  9 rats
156 creatures vanquished.

Notes
Turn   | Place    | Note
-------+----------+-------------------------------------------
     0 | D:1      | NochnoyZador the Octopode Monk began the quest for the Orb.
     0 | D:1      | Reached XP level 1. HP: 16/16 MP: 1/1
   156 | D:1      | Reached XP level 2. HP: 15/21 MP: 2/2
   460 | D:1      | Reached skill level 4 in Unarmed Combat
   460 | D:1      | Reached XP level 3. HP: 23/26 MP: 3/3
   722 | D:2      | Noticed Jessica
   730 | D:2      | Killed Jessica
   797 | D:2      | Reached XP level 4. HP: 8/31 MP: 4/4
  1028 | D:2      | Reached skill level 5 in Unarmed Combat
  1176 | D:2      | Found a faded altar of an unknown god.
  1210 | D:2      | Noticed Natasha
  1223 | D:2      | Killed Natasha
  1223 | D:2      | Reached XP level 5. HP: 36/36 MP: 5/5
  1487 | D:2      | Found an ornate altar of the Wu Jian Council.
  1565 | D:2      | Noticed Natasha
  1584 | D:2      | Killed Natasha
  1593 | D:2      | Noticed Natasha
  1597 | D:2      | Killed Natasha
  2254 | D:3      | Reached skill level 6 in Unarmed Combat
  2276 | D:3      | Reached XP level 6. HP: 40/42 MP: 6/6
  3721 | D:4      | Noticed a phantom
  3735 | D:4      | Killed a phantom
  3735 | D:4      | Reached XP level 7. HP: 40/47 MP: 7/7
  3974 | D:4      | Found a glowing golden altar of the Shining One.
  3977 | D:4      | Found a bloodstained altar of Trog.
  3981 | D:4      | Found a hide-covered altar of Uskayaw.
  3982 | D:4      | Found a snail-covered altar of Cheibriados.
  3982 | D:4      | Found a radiant altar of Vehumet.
  3982 | D:4      | Found a hazy altar of Hepliaklqana.
  3982 | D:4      | Found a shimmering altar of Xom.
  3985 | D:4      | Found a glowing silver altar of Zin.
  3986 | D:4      | Found a deep blue altar of Sif Muna.
  3987 | D:4      | Found a shadowy altar of Dithmenos.
  3992 | D:4      | Became a worshipper of Dithmenos the Shadowed
  3992 | D:4      | Reached * piety under Dithmenos
  3992 | D:4      | Reached ** piety under Dithmenos
  4088 | D:5      | Entered Level 5 of the Dungeon
  4098 | D:5      | Reached skill level 7 in Unarmed Combat
  4153 | D:5      | Found an opulent altar of Gozag.
  4211 | D:5      | Reached skill level 5 in Stealth
  4703 | D:5      | Reached XP level 8. HP: 54/54 MP: 8/8
  4840 | D:5      | Found a staircase to the Ecumenical Temple.
  4947 | D:5      | Noticed Prince Ribbit
  4958 | D:5      | Killed Prince Ribbit
  4958 | D:5      | Reached skill level 8 in Unarmed Combat
  5219 | Temple   | Entered the Ecumenical Temple
  5558 | D:6      | Reached skill level 5 in Dodging
  5612 | D:6      | Noticed Eustachio
  5621 | D:6      | Killed Eustachio
  5733 | D:6      | Reached skill level 5 in Fighting
  5857 | D:6      | Found a deep blue altar of Sif Muna.
  6088 | D:6      | Reached XP level 9. HP: 24/61 MP: 9/9
  6775 | D:6      | Reached skill level 9 in Unarmed Combat
  7746 | D:7      | Slain by a wight

Skill      XL: |  1  2  3  4  5  6  7  8  9 |
---------------+----------------------------+-----
Unarmed Combat | 4 5 6 7 8 9 |  9.8
Stealth        | 3 4 5 6 |  6.7
Dodging        | 4 5 6 |  6.9
Fighting       | 4 5 |  5.7
Invocations    | |  0.2

Action                   |  1- 3 |  4- 6 |  7- 9 || total
-------------------------+-------+-------+-------++-------
Melee: Unarmed           |    39 |   160 |   235 ||   434
       Constrict         |    12 |    43 |    47 ||   102
       Tentacles         |     6 |    25 |    44 ||    75
       Punch             |     1 |     6 |    13 ||    20
Invok: Shadow Step       |       |       |     3 ||     3
  Use: Scroll            |     1 |     2 |     5 ||     8
 Stab: Sleeping          |     7 |    10 |    11 ||    28
       Distracted        |       |     1 |     1 ||     2
  Eat: Chunk             |       |     8 |    41 ||    49
       Ration            |       |       |     3 ||     3
Armor: Skin              |     1 |     1 |     4 ||     6
Dodge: Dodged            |    15 |    92 |   184 ||   291
